 Dungeon Crawl Stone Soup version 0.16.1-25-gbcee3f8 (webtiles) character file.

21 drack the Sneak (level 2, 0/15 HPs)
             Began as a Vine Stalker Assassin on May 22, 2015.
             Slain by a hobgoblin
             ... wielding a +0 club
              (3 damage)
             ... on level 1 of the Dungeon.
             The game lasted 00:02:57 (719 turns).

drack the Sneak (Vine Stalker Assassin)              Turns: 719, Time: 00:02:57

Health: 0/15       AC:  3    Str: 13    XL:     2   Next: 87%
Magic:  0/3        EV: 12    Int: 11    God:
Gold:   54         SH:  0    Dex: 15    Spells: 0 memorised, 1 level left

rFire  . . .     SeeInvis .     a - +2 dagger
rCold  . . .     Clarity  .     c - +0 robe
rNeg   . . .     SustAb   .     (no shield)
rPois  .         Gourm    .     (no helmet)
rElec  .         Spirit   +     d - +0 cloak
rCorr  .         Warding  .     (no gloves)
rMut   .         Stasis   .     (no boots)
MR     .....                    (no amulet)
Stlth  +++.......               (no ring)
                                (no ring)

@: not resistant to hostile enchantments, fairly stealthy
A: fangs 2, regeneration 1, magic shield, antimagic bite, no device heal 3, rot
immunity
a: no special abilities


You were on level 1 of the Dungeon.
You were not hungry.

You visited 1 branch of the dungeon, and saw 1 of its levels.

You collected 54 gold pieces.

Inventory:

Hand weapons
 a - a +2 dagger (weapon)
 b - a +0 blowgun
 p - a +0 dagger
 s - a cursed -1 dagger
 u - a +0 club
Missiles
 e - 27 poisoned needles
 f - 2 curare-tipped needles
 i - 39 stones (quivered)
 j - 7 tomahawks
 l - 19 sling bullets
 q - 5 bolts of frost
Armour
 c - a +0 robe (worn)
 d - a +0 cloak (worn)
 h - a +0 buckler
Scrolls
 m - a scroll of remove curse {unknown}
 n - 2 scrolls of identify {unknown}
 t - a scroll of recharging {unknown}
Potions
 k - a potion of curing {unknown}
 r - a potion of agility {unknown}
Comestibles
 g - 3 bread rations
 o - a chunk of flesh


   Skills:
 + Level 1.8 Fighting
 + Level 2.0 Short Blades
 + Level 1.7 Throwing
 + Level 1.0 Dodging
 + Level 5.7 Stealth


You had one spell level left.
You didn't know any spells.

Dungeon Overview and Level Annotations

Branches:
Dungeon (1/15)

Altars:
Ashenzari


Innate Abilities, Weirdness & Mutations

You have extremely sharp teeth.
Your natural rate of healing is unusually fast.
When hurt, damage is shared between your health and your magic reserves.
Your bite disrupts and absorbs the magic of your enemies.
Potions and wands cannot restore your health.
You are immune to rotting.


Message History

The giant cockroach bites you but does no damage.
You hit the giant cockroach but do no damage.
Your bite misses the giant cockroach.
The giant cockroach is moderately wounded.
The giant cockroach closely misses you. The hobgoblin hits you with a club.
* * * LOW HITPOINT WARNING * * *
You barely miss the giant cockroach.
The giant cockroach is moderately wounded.
The giant cockroach misses you. The hobgoblin completely misses you.
You hit the giant cockroach but do no damage.
You bite the giant cockroach. You drain its power.
You feel invigorated.
You kill the giant cockroach!
The hobgoblin hits you with a club.
* * * LOW HITPOINT WARNING * * *
Things that are here:
a giant cockroach corpse; a giant newt corpse You hit the hobgoblin.
The hobgoblin is severely wounded.
The hobgoblin hits you with a club.
You die...

######### #........#
#........# ###
#........# #..
#........# #######..
#........# ###....##..
#.....g..####......##..
#.....@............##..
#.......>....#.........
#............#...#.....
#........###.###.#...#.
########## #.....###.#.
##..#.....##
#..#...#... #..###.#...
#......###.


You could see a hobgoblin.

Vanquished Creatures
  An ooze (D:1)
  A ball python (D:1)
  3 bats (D:1)
  2 giant cockroaches (D:1)
  3 goblins (D:1)
  A hobgoblin (D:1)
  A giant gecko (D:1)
  2 giant newts (D:1)
  3 jackals (D:1)
  A rat (D:1)
18 creatures vanquished.

Notes
Turn   | Place    | Note
--------------------------------------------------------------
     0 | D:1      | drack, the Vine Stalker Assassin, began the quest for the Orb.
     0 | D:1      | Reached XP level 1. HP: 11/11 MP: 1/1
   276 | D:1      | Reached skill level 5 in Stealth
   379 | D:1      | Reached XP level 2. HP: 10/15 MP: 3/3
   462 | D:1      | Found a shattered altar of Ashenzari.
   671 | D:1      | Reached skill level 1 in Dodging
   719 | D:1      | Slain by a hobgoblin

Action                   || total
-------------------------++-------
Melee: Dagger            ||    54
 Stab: Sleeping          ||     3
